[Event "AUT Bundesliga 2021-22"]
[Site "Graz"]
[Date "2022.04.23"]
[Round "11.23"]
[White "de Francesco, Klaus"]
[Black "Singer, Christoph"]
[Result "1/2-1/2"]
[ECO "D30"]
[WhiteElo "2177"]
[BlackElo "2345"]
[Annotator "TA"]
[PlyCount "60"]
[EventDate "2021.01.17"]
[EventType "team-tourn"]
[EventCountry "AUT"]
[SourceTitle "playchess.com"]
[Source "ChessBase"]
[SourceQuality "1"]
[TimeControl "40/5400+30:1800+30"]

1. d4 d5 2. c4 e6 3. Nf3 a6 4. e3 Nf6 5. a3 dxc4 6. Bxc4 c5 7. O-O b5 8. Bd3 {[%emt 0:03:21] D27: Queen's Gambit Accepted: Classical main line: 7 e4!? and 7 a4.} Bb7 9. Qe2 Nbd7 10. Rd1 (10. a4 $5 ) 10... cxd4 11. exd4 {[%emt 0:02:15] [#]} Be7 $146 (11... Bd6 {is more complex.} 12. Ne5 O-O 13. Nc3 Rc8) ({Predecessor:} 11... Bd6 12. Nc3 Qb8 13. h3 O-O 14. Bg5 Rc8 15. Rac1 Bf4 16. Bxf4 Qxf4 17. Qe3 Qxe3 18. fxe3 {1-0 (74) Rodriguez Melian,J (2067)-Fidalgo Fernandez,L (2102) Vecindario 2010}) 12. a4 bxa4 13. Rxa4 a5 14. Nc3 O-O 15. Ra1 Nd5 16. Ne4 Nb4 17. Bb5 Ba6 18. Bf4 Qb6 19. Bxa6 Qxa6 20. Qxa6 Rxa6 21. Rac1 Nd5 22. Bg3 Rb6 23. Rd2 {[%emt 0:03:59] [#]} h6 (23... f5 $1 $17 24. Nc3 Rc6) 24. h4 h5 25. Bc7 Rc8 26. Rdc2 Ra6 27. Be5 Rxc2 28. Rxc2 Ra8 29. Bd6 Bxd6 30. Nxd6 Rb8 {[%emt 0:00:03] Weighted Error Value: White=0.13 (very precise) /Black=0.09 (flawless)} 1/2-1/2

[Event "AUT Bundesliga 2021-22"]
[Site "Graz"]
[Date "2022.04.23"]
[Round "11.24"]
[White "Lentrodt, Thomas"]
[Black "Gerhold, Michael"]
[Result "0-1"]
[ECO "A46"]
[WhiteElo "2257"]
[BlackElo "2167"]
[Annotator "TA"]
[PlyCount "142"]
[EventDate "2021.01.17"]
[EventType "team-tourn"]
[EventCountry "AUT"]
[SourceTitle "playchess.com"]
[Source "ChessBase"]
[SourceQuality "1"]
[TimeControl "40/5400+30:1800+30"]

1. d4 Nf6 2. Nf3 d5 3. c4 e6 4. e3 a6 5. Nbd2 c5 6. cxd5 {[%emt 0:07:08] D30: Queen's Gambit Declined: Systems without Nc3.} exd5 7. dxc5 Bxc5 8. Nb3 {[%emt 0:00:40] The position is equal. 8.a3 is vanishing.} Bd6 {[%emt 0:10:18] [#]} 9. Bd3 $146 ({Predecessor:} 9. Be2 O-O 10. O-O Nc6 11. Nbd4 Bc7 12. b3 Qd6 13. Nxc6 bxc6 14. Bb2 Re8 15. Bxf6 Qxf6 {½-½ (25) Sandalakis,A (2433)-Hristodoulou,P (2299) Aschach 2019}) 9... Nc6 10. Nbd4 Bg4 11. Nxc6 bxc6 12. Qa4 Bd7 13. Bd2 O-O (13... c5 $5 14. Qh4 O-O $15) 14. O-O c5 15. Qc2 Bb5 16. Rfd1 Bc6 17. b4 ({White should try} 17. Bc3 $11) 17... Qd7 (17... Qe8 $1 $15 18. bxc5 Ba4) 18. Rdc1 (18. bxc5 Ba4 $1 19. Qb2 (19. Qc3 Bxd1 20. Rxd1 Rfc8 $15) 19... Bxd1 20. Rxd1 Bxc5 $15) (18. Bf5 $14 Ba4 19. Bxd7 Bxc2 20. Rdc1) 18... Ba4 $15 19. Qb2 {[%emt 0:01:15] [#] White is now going downhill.} (19. Bf5 $15 Qb5 20. Qb2) 19... cxb4 $1 $17 20. Nd4 ({Wrong is} 20. Bxb4 $2 Rfb8 21. a3 a5 $19) 20... Ne4 21. Be1 a5 {[%emt 0:07:44] &Nero is more active.} 22. f3 {[%emt 0:01:32] [#]} Nc5 23. Bf5 Qe7 24. Bf2 g6 25. Bc2 Bd7 26. Re1 Qf6 ({Inferior is} 26... Qe5 27. Bg3 Qf6 28. Bxd6 Qxd6 29. a3 $17) 27. Rad1 Rfc8 ({Worse is} 27... Qe5 28. Bg3 Qf6 29. Bxd6 Qxd6 30. Ne2 $17) 28. e4 (28. Bg3 $142) 28... dxe4 $19 29. Bxe4 Nxe4 30. Rxe4 Ba4 31. Rd2 Bf4 {[%emt 0:01:00] A strong pair of Bishops.} 32. Be3 Bxe3+ 33. Rxe3 Rd8 34. Red3 $2 (34. h3) 34... Rd5 35. Qb1 (35. Re3 $142 Rad8 36. Re4) 35... Rad8 36. Ne2 Qb6+ 37. Kf1 Rxd3 38. Rxd3 Re8 39. Nd4 Qc5 40. Nb3 Qe5 {[%emt 0:00:00] aiming for ...Bb5.} 41. Kg1 Bb5 42. Rd1 Bc4 43. h3 (43. Qc1 $142 Qe6 44. Nd4 Qe3+ 45. Qxe3 Rxe3 46. Kf2) 43... Qe3+ 44. Kh1 a4 45. Na5 Be2 46. Re1 Qc3 47. Rc1 Qd2 {[%emt 0:02:31][%cal Oe2f3] Strongly threatening ...Bxf3!} 48. Qc2 Qxc2 49. Rxc2 {[%emt 0:00:02][%mdl 4096] Endgame KRB-KRN} Bd3 50. Rd2 Bb5 {[%emt 0:00:38] ...Ra8 is the strong threat.} 51. Rb2 Ra8 52. Nb7 Bc4 53. Nc5 a3 54. Rc2 {[%emt 0:02:57] [#]} b3 $1 55. axb3 {[%emt 0:01:19] [#]} a2 $1 56. Rxa2 Rxa2 57. bxc4 {[%emt 0:00:06] KR-KN} Rc2 58. Kh2 Rxc4 59. Ne4 (59. Nd7 $142) 59... Kg7 60. Kg3 Ra4 61. h4 f5 62. Ng5 $2 (62. Nc5 Rc4 63. Nd3) 62... h6 63. Ne6+ Kf6 64. Nf4 Rd4 65. Ne2 Rd2 66. Nf4 (66. Kf2 $19) 66... g5 67. hxg5+ hxg5 68. Nh3 Kg6 {[%emt 0:01:00] ( -> ...Kh5)} 69. Ng1 Kh5 {[%emt 0:00:12] Black mates.} 70. Nh3 Rb2 71. Ng1 g4 {[%emt 0:00:45] Weighted Error Value: White=0.49/Black=0.30} 0-1

[Event "AUT Bundesliga 2021-22"]
[Site "Graz"]
[Date "2022.04.23"]
[Round "11.25"]
[White "Bosiocic, Marin"]
[Black "Lenic, Luka"]
[Result "1-0"]
[ECO "C54"]
[WhiteElo "2522"]
[BlackElo "2634"]
[Annotator "TA"]
[PlyCount "97"]
[EventDate "2021.01.17"]
[EventType "team-tourn"]
[EventCountry "AUT"]
[SourceTitle "playchess.com"]
[Source "ChessBase"]
[SourceQuality "1"]
[TimeControl "40/5400+30:1800+30"]

1. e4 e5 2. Nf3 Nc6 3. Bc4 Bc5 4. c3 Nf6 5. d4 exd4 6. e5 d5 7. Bb5 Ne4 8. cxd4 Bb6 9. Nc3 O-O 10. h3 {[%emt 0:03:59] C54: Giuoco Piano: 4 c3 Nf6, main lines with 5 d4 and 5 d3.} Ba5 {[%emt 0:08:23] [#]} 11. Qb3 $146 {[%emt 0:02:12] [#]} (11. Bd2 $11) ({Predecessor:} 11. Bd2 Nxd2 12. Qxd2 f6 13. Bxc6 bxc6 14. O-O fxe5 15. Nxe5 Qf6 16. Rfe1 Re8 17. Re3 c5 {1-0 (35) Udvardi,Z (2211)-Acs,M (2138) Balatonlelle 2019}) 11... Nxd4 $1 $15 12. Nxd4 {[%emt 0:00:31] Black is slightly better.} c5 13. Nde2 c4 $1 {[%emt 0:17:52][%mdl 1024] Black has compensation.} 14. Qa4 (14. Bxc4 $15 dxc4 15. Qxc4) 14... Nc5 $1 $17 15. Qd1 Nd3+ $1 16. Kf1 a6 $1 17. Ba4 d4 {[%emt 0:01:14] Inhibits Be3.} 18. Ne4 Qd5 19. Nd6 b5 20. Bc2 Qxe5 21. Nxc8 Nxc1 22. Nxd4 {[%emt 0:01:39] [#]} (22. Qxc1 $2 d3 23. Qe3 Qxb2 24. Ne7+ Kh8 $19) 22... Raxc8 (22... Rd8 $1 $19 23. Qxc1 (23. Ne7+ $2 Qxe7 24. Rxc1 Qf6 $19) 23... Rxd4) 23. Nf3 $15 (23. Rxc1 $2 Rfd8 24. Bxh7+ Kxh7 25. Qc2+ Kg8 $19) 23... Qxb2 24. Qxc1 Qf6 25. Rb1 h6 (25... Rfe8 $5 ) 26. h4 Rfe8 27. Rh3 Bc7 (27... Rcd8 $11) 28. Qb2 $14 {[%emt 0:04:33] Strongly threatening Qxf6.} Qe7 29. Re1 Qc5 30. Rxe8+ Rxe8 31. Qd4 Qe7 {[%emt 0:02:14] ( -> ...Qe2+)} 32. Qd1 {[%emt 0:00:05] Against Qe2+} Qf6 (32... Bb6 $11) 33. h5 $1 $16 Rd8 34. Qb1 Bb6 35. Qe1 {[%emt 0:02:20] Inhibits Rd2.} Qb2 36. Qe4 Kf8 $1 {[%emt 0:00:07] ...Re8 is the strong threat.} 37. g4 Re8 {[%emt 0:03:26] Prevents Ne5.} (37... Qxa2 38. Ne5 Qa1+ 39. Bb1 $18) 38. Qf5 {[%emt 0:00:09] Hoping for g5.} Qc1+ ({Black should try} 38... Qxa2 $14 39. Nh4 (39. Kg2 Re2 $11) 39... Qa1+ 40. Bb1 (40. Kg2 Qf6 $11) 40... Qf6) 39. Kg2 $18 {[%emt 0:00:13][%cal Bf1g2,Bg2f2,Bf2g3][%mdl 32] aiming for Ne5.} Re2 40. Qc8+ Re8 41. Qxa6 (41. Qb7 $16 {[%cal Of3e5] And now Ne5! would win.} Bxf2 42. Bg6 fxg6 43. hxg6) 41... Bxf2 $2 {[%emt 0:02:35] [#]} 42. Qd6+ $1 ({Resist} 42. Kxf2 Qxc2+ 43. Kg3 b4 $16) 42... Re7 43. Kxf2 Qxc2+ 44. Kg3 {[%emt 0:00:04] Black must now prevent Rh1.} Qxa2 {[%emt 0:02:26] [#]} 45. g5 $1 {[%emt 0:01:24] Dancing on a razor blade.} hxg5 (45... c3 $16) 46. h6 {[%emt 0:00:09] White mates.} gxh6 47. Qxh6+ Ke8 48. Qc6+ Rd7 49. Rh8+ {[%emt 0:00:21] Quite a comeback for White.  Weighted Error Value: White=0.12 (very precise) /Black=0.40} 1-0

[Event "AUT Bundesliga 2021-22"]
[Site "Graz"]
[Date "2022.04.23"]
[Round "11.26"]
[White "Lagarde, Maxime"]
[Black "Brkic, Ante"]
[Result "1/2-1/2"]
[ECO "C92"]
[WhiteElo "2626"]
[BlackElo "2607"]
[Annotator "TA"]
[PlyCount "77"]
[EventDate "2021.01.17"]
[EventType "team-tourn"]
[EventCountry "AUT"]
[SourceTitle "playchess.com"]
[Source "ChessBase"]
[SourceQuality "1"]
[TimeControl "40/5400+30:1800+30"]

1. e4 e5 2. Nf3 Nc6 3. Bb5 a6 4. Ba4 Nf6 5. O-O Be7 6. Re1 b5 7. Bb3 d6 8. c3 O-O 9. h3 Re8 10. d4 Bb7 11. Nbd2 Bf8 12. a3 h6 13. Ba2 Nb8 14. Qb3 {[%emt 0:14:32] C93: Closed Ruy Lopez: Smyslov Variation.} Qd7 15. Qc2 c5 16. b3 exd4 17. cxd4 cxd4 18. Bb2 Nc6 {[%emt 0:01:03][%cal Bb8c6,Bc6e5,Be5f3][%mdl 32] [#]} 19. b4 $146 ({Predecessor:} 19. Rad1 b4 20. a4 Rac8 21. Qb1 Qe6 22. Qa1 Nh5 23. Bb1 Nf4 24. Kh2 Ne5 25. Bxd4 {1-0 (46) Aravindh,C (2609)-Kollars,D (2587) New Delhi 2019}) 19... Ne5 20. Nxd4 Rac8 21. Qb1 d5 {[%emt 0:11:59] [#] Strongly threatening ...dxe4.} (21... g6 $5 ) 22. N4f3 $1 Nxf3+ 23. Nxf3 Nxe4 24. Ne5 Qf5 {[%emt 0:12:38] [#]} 25. Rxe4 $1 Qxe4 26. Qxe4 dxe4 27. Bxf7+ Kh7 28. Bg6+ Kg8 29. Bf7+ Kh7 {[%emt 0:00:12] The position is equal.} 30. Bxe8 Rxe8 31. Rd1 Be7 32. Ng4 {[%emt 0:00:16] Against Bf6} Rd8 {[%emt 0:01:15] Against Rd7} 33. Rxd8 Bxd8 $11 {[%emt 0:00:03][%mdl 4096] Endgame KBB-KBN} 34. Ne3 g5 35. Bd4 Kg6 36. Kf1 Bc7 37. Ke2 Bf4 38. Kd2 Bd5 39. g3 {Weighted Error Value: White=0.07 (flawless) /Black=0.08 (flawless)} 1/2-1/2

[Event "AUT Bundesliga 2021-22"]
[Site "Graz"]
[Date "2022.04.23"]
[Round "11.27"]
[White "Heberla, Bartlomiej"]
[Black "Schreiner, Peter"]
[Result "1-0"]
[ECO "A10"]
[WhiteElo "2570"]
[BlackElo "2435"]
[Annotator "TA"]
[PlyCount "117"]
[EventDate "2021.01.17"]
[EventType "team-tourn"]
[EventCountry "AUT"]
[SourceTitle "playchess.com"]
[Source "ChessBase"]
[SourceQuality "1"]
[TimeControl "40/5400+30:1800+30"]

1. c4 g6 2. Nc3 c5 3. e3 Bg7 4. d4 Nf6 5. Nf3 O-O 6. Be2 d5 7. O-O cxd4 8. exd4 Nc6 9. Re1 Bg4 10. cxd5 Nxd5 11. h3 Bxf3 12. Bxf3 e6 {[%emt 0:02:16] D94: Grünfeld: 4 Nf3 Bg7 5 e3.} 13. Be3 $5 {[%emt 0:03:02][%mdl 4] [#] An interesting side line.} Nxc3 $146 (13... Nxe3 $15 14. fxe3 Qe7) ({Predecessor:} 13... Nxe3 14. fxe3 Rc8 15. Rc1 Bh6 16. Kh1 Ne7 17. Qd2 b6 18. Rcd1 Nf5 19. Qf2 Bg5 20. g3 {½-½ (63) Tomici,S (2118)-Miroiu,G (2299) Arad 2011}) 14. bxc3 $11 Rc8 {[%emt 0:00:59] The position is equal.} 15. Rc1 Qa5 16. Qb3 b5 17. Bf4 a6 18. d5 exd5 19. Bxd5 {[%emt 0:00:05] Threatens to win with Bd6.} Qb6 20. Qd1 {[%emt 0:17:25] And now Bd6 would win.} Nd8 21. Be3 Qa5 22. Bd4 (22. Qg4 $16 Nc6 {[#]} 23. Bxf7+ $1 Kxf7 24. Bc5) 22... Nc6 ({Black should try} 22... Bxd4 $11 23. cxd4 Rxc1 24. Qxc1 Ne6) 23. Bc5 $14 Rfd8 {[%emt 0:03:20] [#]} 24. Bxf7+ $1 {[%emt 0:05:13] A strong pair of Bishops.} Kh8 25. Qb3 Ne5 26. Be7 (26. Bd4 $16 Qc7 27. Be6) 26... Nd3 $11 27. Bxd8 Rxd8 28. Red1 {[%emt 0:00:45] Strongly threatening Rb1.} Nxc1 29. Rxc1 Qb6 30. Re1 Qf6 31. Re3 (31. Re8+ $11 Rxe8 32. Bxe8) 31... Rf8 (31... Rd2 $1 $15 32. Rf3 (32. Re8+ $2 Bf8 $19) 32... Qe5) 32. Rf3 $36 {[%emt 0:00:09][%mdl 2048] White fights for an advantage. Active counter play!} Qe7 {[%emt 0:00:42] White must now prevent ...Qe1+.} 33. g3 (33. g4 {feels hotter.} Be5 34. Kg2 Kg7 35. Bd5) 33... a5 34. Kg2 a4 35. Qd5 Qe5 ({Better is} 35... Bf6 $14) 36. Qd7 Qc5 37. Bd5 Rxf3 38. Bxf3 Bxc3 39. Bd5 Qf8 40. Qxb5 a3 41. Qb6 Be5 42. Qe6 Bd4 43. f4 Bf6 44. h4 Kg7 45. g4 Bb2 (45... Bxh4 $11 {and Black stays safe.} 46. g5 h6) 46. g5 $18 {[%emt 0:00:37][%cal Oh4h5] Threatening mate with h5!} Kh8 47. Kg3 {[%emt 0:02:38] Kg4 is the strong threat.} Bc3 48. Kg4 {[%emt 0:01:50] h5 would kill now.} Bg7 (48... Bb4 $16 49. Qe5+ Qg7) 49. h5 gxh5+ 50. Kxh5 {[%emt 0:00:01] White wants to mate with f5.} Qb8 $2 (50... Bh6 $18 51. Kg4 (51. gxh6 Qf5+ 52. Qxf5 $11) (51. Qxh6 Qxh6+ 52. Kxh6 $11) 51... Bg7) 51. Kg4 (51. f5 Qh2+ 52. Kg4 h5+ 53. gxh6 Qg1+ 54. Kf3 Qf1+ 55. Kg4 Qg1+ 56. Kh5 Qd1+ 57. Kg6 Qg1+ 58. Kf7 (58. Kh5 Qd1+ 59. Kg6 Qg1+ 60. Kh5 $16) 58... Qa7+ 59. Qe7 (59. Kg6 Qg1+ 60. Kh5 Qd1+ 61. Kg6 Qg1+ $16) 59... Qxe7+ 60. Kxe7 Bxh6 $16) 51... Qf8 52. f5 Bb2 53. f6 Bc3 54. Kh5 Qb8 55. Kg4 $2 (55. Qe7 {mates} Qh2+ 56. Kg4 Qg1+ 57. Kh3 Qf1+ 58. Kg3 Be1+ 59. Kg4 Qg1+ 60. Kf5) 55... Bd2 $2 (55... Qf8 $11 56. Qe7 Bb4 57. Qd7 Bd2 58. Be4 Qg8 59. Qxd2 Qe6+ 60. Kf4 Qb6) 56. Qe4 {[%emt 0:02:08] White mates.} Bc3 57. Qe7 h5+ 58. Kf5 Qb1+ 59. Be4 {[%emt 0:00:23] Weighted Error Value: White=0.20 (precise) /Black=0.37} 1-0

[Event "AUT Bundesliga 2021-22"]
[Site "Graz"]
[Date "2022.04.23"]
[Round "11.28"]
[White "Diermair, Andreas"]
[Black "Martinovic, Sasa"]
[Result "1/2-1/2"]
[ECO "D37"]
[WhiteElo "2469"]
[BlackElo "2554"]
[Annotator "TA"]
[PlyCount "19"]
[EventDate "2021.01.17"]
[EventType "team-tourn"]
[EventCountry "AUT"]
[SourceTitle "playchess.com"]
[Source "ChessBase"]
[SourceQuality "1"]
[TimeControl "40/5400+30:1800+30"]

1. Nf3 d5 2. d4 Nf6 3. c4 e6 4. Nc3 a6 5. c5 Nc6 6. Bf4 {[%emt 0:00:50] D37: Queen's Gambit Declined: 5 Bf4.} Nh5 7. Bd2 Nf6 {[%emt 0:00:09] [#]} 8. Bf4 $146 ({Predecessor:} 8. h3 Ne4 9. Bf4 Nxc3 10. bxc3 b6 11. cxb6 cxb6 12. e3 Bd6 13. Bd3 Bxf4 14. exf4 Qc7 15. g3 Bd7 16. O-O Ne7 {1-0 (44) Korobov,A (2690)-Kuzubov,Y (2624) Riga 2021}) 8... Nh5 9. Bd2 Nf6 10. Bf4 {[%emt 0:02:27] Not much happened in this game.  Weighted Error Value: White=0.09 (flawless) /Black=0.03 (flawless)} 1/2-1/2

[Event "AUT Bundesliga 2021-22"]
[Site "Graz"]
[Date "2022.04.23"]
[Round "11.29"]
[White "Saric, Ante"]
[Black "Sebenik, Matej"]
[Result "1/2-1/2"]
[ECO "D10"]
[WhiteElo "2514"]
[BlackElo "2510"]
[Annotator "TA"]
[PlyCount "72"]
[EventDate "2021.01.17"]
[EventType "team-tourn"]
[EventCountry "AUT"]
[SourceTitle "playchess.com"]
[Source "ChessBase"]
[SourceQuality "1"]
[TimeControl "40/5400+30:1800+30"]

1. d4 d5 2. c4 c6 3. cxd5 cxd5 4. Nf3 Nf6 5. Nc3 Nc6 6. Bf4 a6 7. e3 Bg4 8. Be2 Bxf3 9. Bxf3 e6 10. O-O Bd6 11. Bxd6 Qxd6 12. Rc1 O-O {[%emt 0:00:31] D13: Slav Defence: Exchange variation without ...Bf5.} 13. Na4 {[%emt 0:01:19] [#]} Rab8 $146 ({Predecessor:} 13... b5 14. Nc5 Rfc8 15. Be2 e5 16. dxe5 Qxe5 17. a4 Qxb2 18. axb5 axb5 19. Rb1 Qa3 {0-1 (45) Hess,R (2591)-Abdusattorov,N (2627) Chess.com INT 2020}) 14. Nc5 Rfc8 15. Be2 Qe7 16. Qb3 g6 17. Nxa6 Nxd4 18. Rxc8+ Rxc8 19. exd4 {[%emt 0:00:03] [#] Threatens to win with Nc5.} bxa6 20. Bxa6 Ra8 21. Bb5 Qa7 22. a4 Qxd4 23. Rd1 Qe5 24. Qc2 Ne4 25. Bd3 Rb8 26. b3 Nc3 27. Rc1 Rc8 {[%emt 0:07:38][%cal Oc3e2] White must now prevent ...Ne2+!} 28. Kh1 $2 {[%emt 0:00:30] [#]} (28. Qd2 $11 {and White stays safe.}) 28... Kg7 $2 (28... Qd4 $1 $19 {And now ...Rc5 would win.} 29. Rf1 e5) 29. h3 Qf4 ({Black should play} 29... Qd4 $15 30. Bf1 Qb4) 30. a5 {[%emt 0:01:41] The position is equal.} Nd1 {[%emt 0:02:19] Against Qb2+} 31. Qxc8 Nxf2+ 32. Kg1 Nxh3+ 33. gxh3 Qg3+ 34. Kh1 {[%emt 0:01:07] Bf1 is the strong threat.} Qf3+ 35. Kh2 Qf2+ 36. Kh1 {[%emt 0:00:06] Hoping for Bf1.} Qf3+ {[%emt 0:00:02] Weighted Error Value: White=0.19 (very precise) /Black=0.12 (very precise)} 1/2-1/2

[Event "AUT Bundesliga 2021-22"]
[Site "Graz"]
[Date "2022.04.23"]
[Round "11.30"]
[White "Janzelj, Tim"]
[Black "Rogic, Davor"]
[Result "1-0"]
[ECO "D43"]
[WhiteElo "2463"]
[BlackElo "2446"]
[Annotator "TA"]
[PlyCount "83"]
[EventDate "2021.01.17"]
[EventType "team-tourn"]
[EventCountry "AUT"]
[SourceTitle "playchess.com"]
[Source "ChessBase"]
[SourceQuality "1"]
[TimeControl "40/5400+30:1800+30"]

1. d4 d5 2. c4 e6 3. Nc3 Nf6 4. Nf3 c6 5. cxd5 cxd5 6. Bf4 Nc6 7. e3 Nh5 8. Bg5 Qb6 9. Bb5 h6 {[%emt 0:07:05] D13: Slav Defence: Exchange variation without ...Bf5.} 10. Bh4 g5 {[%emt 0:01:58] [#]} (10... Nf6 $14) 11. Ne5 $1 $16 Nf6 {[%emt 0:03:41] White is better.} 12. Bg3 Bg7 13. O-O {[%emt 0:05:29] [#] 0x0.00299f40aea5dp-1022s more active pieces.} Bd7 $146 ({Predecessor:} 13... O-O 14. Bd3 Nxe5 15. Bxe5 Bd7 16. f4 Nh7 17. Bxg7 Kxg7 18. Bxh7 Qxb2 19. Qc2 Qxc2 20. Bxc2 {1-0 (43) Schmidt,P (2390)-Riedel,W (2320) Bayern 2001}) 14. Nxd7 Nxd7 15. f4 a6 16. Bxc6 bxc6 17. Na4 Qb5 18. fxg5 hxg5 19. Rc1 Rc8 20. Nc5 (20. a3 $16) 20... Nxc5 $11 21. Rxc5 Qxb2 22. Qg4 (22. h3 $14) 22... Qd2 $1 (22... Bf8 23. Qxg5 Be7 24. Qf4 $14) 23. Qxg5 {[%emt 0:04:30][%mdl 8192] [#]} (23. Qf3 $11 f5 24. Rcc1) 23... Bxd4 $1 $19 24. Rc3 Bxc3 $2 (24... Qxc3 $19 25. exd4 Qxd4+ 26. Bf2 Qb4) 25. Bd6 $11 f6 26. Qg7 $40 {[%emt 0:01:12][%csl Gd6][%cal Rg7e7][%mdl 128] White attacks.} Qxe3+ 27. Kh1 {[%emt 0:00:01][%csl Gd6][%cal Rg7e7] Dancing on a razor blade.} Rxh2+ $1 28. Bxh2 {[%emt 0:00:02] White wants to mate with Bd6.} Bb4 {[%emt 0:07:58][%mdl 8192] Prevents Bd6.} (28... Qg5 29. Qh8+ Kd7 30. Qh7+ Kd8 31. Bf4 $18) (28... Qd3 $11 {and Black stays safe.} 29. Qg8+ Ke7 30. Qg7+ Ke8 31. Qg8+ Ke7 32. Qg7+ Ke8) 29. Qb7 $18 Rd8 30. Qxb4 d4 $2 (30... Qe4 31. Qb7 d4) 31. Rxf6 {[%emt 0:02:01] Threatening mate with Rf8+.} c5 32. Qc4 ({Wrong is} 32. Qxc5 $2 Qe1+ 33. Bg1 Qh4+ 34. Bh2 Qxf6 $19) 32... Ke7 33. Rf3 Qg5 34. Qxa6 {[%emt 0:01:09] Hoping for Rf1.} Rd7 35. Qf1 (35. Kg1 $142 Qc1+ 36. Rf1 Qe3+ 37. Kh1) 35... Qg6 36. Qc1 Rd5 37. Qf4 {[%emt 0:00:17] White threatens Qf8+ and mate.} Rf5 {[%emt 0:03:21] Against Qf8+} 38. Qc7+ Ke8 39. Qc6+ Kf7 40. Qc7+ (40. Qd7+ $18 Kg8 41. Qd8+ Kh7 42. Rh3+ Rh5 43. Qc7+ Kg8 44. Rg3 Qxg3 45. Qxg3+ Kh7 46. Qc7+ Kg6 47. Kg1) 40... Ke8 $1 41. Rb3 Rf1+ 42. Bg1 {[%emt 0:00:35] Weighted Error Value: White=0.39/Black=0.94} 1-0

[Event "AUT Bundesliga 2021-22"]
[Site "Graz"]
[Date "2022.04.23"]
[Round "11.31"]
[White "Horvath, Dominik"]
[Black "Ragger, Markus"]
[Result "1-0"]
[ECO "D45"]
[WhiteElo "2483"]
[BlackElo "2643"]
[Annotator "TA"]
[PlyCount "61"]
[EventDate "2021.01.17"]
[EventType "team-tourn"]
[EventCountry "AUT"]
[SourceTitle "playchess.com"]
[Source "ChessBase"]
[SourceQuality "1"]
[TimeControl "40/5400+30:1800+30"]

1. Nf3 d5 2. d4 Nf6 3. c4 c6 4. Nc3 e6 5. e3 Nbd7 6. Qc2 Bd6 7. Bd3 O-O 8. O-O dxc4 9. Bxc4 b5 10. Be2 Bb7 11. e4 e5 12. dxe5 {[%emt 0:00:10] D46: Semi-Slav: 5 e3 Nbd7 6 Bd3, Black avoids the Meran.} (12. Rd1 $5 Qc7 13. g3 $11) 12... Nxe5 13. Nd4 Neg4 14. g3 $1 {[%emt 0:00:06] The position is equal.} Bc5 15. Nf5 Qb6 16. Kg2 Nxf2 (16... Bc8 $14) 17. e5 ({White should try} 17. b4 $1 $16 Bxb4 18. Be3) 17... Nd7 18. Bf4 $36 {[%emt 0:18:03][%cal Ob2b4][%mdl 2048] White is pushing.} Rfe8 (18... Rae8 $14) 19. b4 $1 $16 Bxb4 20. Rxf2 {[%emt 0:00:06] Hoping for Rd1.} Nxe5 {[%emt 0:00:33] [#] Strongly threatening ...c5+.} 21. Kf1 $146 ({White should play} 21. Ne4 $1 $16 {[%cal Of5h6] Threatens to win with Nh6+!} c5 22. Kf1) ({Predecessor:} 21. Ne4 c5 22. Kf1 Bxe4 23. Qxe4 Ng6 24. Qd5 Nxf4 25. Ne7+ Kh8 26. Rxf4 c4 27. Nc6 {1-0 (75) Giri,A (2768)-Shirov,A (2691) Hoogeveen 2014}) 21... c5 (21... Bc8 $11 {keeps the balance.} 22. Rc1 Ba3) 22. Rd1 $1 {[%emt 0:02:35][%cal Ba1d1,Bd1d5,Bd5d7][%mdl 32] aiming for Rd6.} c4 {[%emt 0:03:29] White must now prevent ...Bc5.} 23. Nd5 {[%emt 0:04:56] Active counter play!} Bxd5 24. Rxd5 {[%emt 0:00:03] Chess con chili.} Qc6 25. Qd1 ({Of course not} 25. Ne3 $6 Bc5 $1 26. Bxe5 Bxe3 $11) 25... Ng6 {[%emt 0:13:04] [#]} (25... Rad8 $16 26. Bf3 Qf6) 26. Qd4 $1 $18 f6 27. Bf3 Bf8 $2 (27... Qb6 28. Qxb6 axb6 29. Rxb5 Nxf4 30. gxf4 (30. Rxb4 Nd3 $18) 30... Ra5) 28. Rd7 Qc8 {[%emt 0:00:39] [#]} 29. Nh6+ $1 Kh8 30. Nf7+ Kg8 31. Qd5 {[%emt 0:00:24] Weighted Error Value: White=0.12 (very precise) /Black=0.64} 1-0